Map: Overgrown Facility

Players

Nigrnog

  • Race: Zerg Zerg
  • League: Silver
  • Spawn Location: 3:00

MooEsqoo

  • Race: Zerg Zerg
  • Spawn Location: 1:00

SirLanZealot - Winner!

  • Race: Zerg Zerg
  • Spawn Location: 9:00

MakroMarc - Winner!

  • Race: Protoss Protoss
  • League: Gold
  • Spawn Location: 7:00

VOD

Have the link to the VOD?

Description

Time

  • Played on: Dec. 29, 2019, 6:09 p.m.
  • Length: 23:22
Show
View Real Time Build Order
Export as new Build Order

Nigrnog Zerg 

Build Orders: Pool First 

Get SALT Encoding   

  12  0:01  Drone  
  13  0:18  Overlord  
  13  0:20  Drone  
  14  0:26  Overlord  
  14  0:43  Spawning Pool  
  14  0:48  Drone  
  14  0:50  Drone  
  15  1:25  Hatchery  
  14  1:44  Hatchery  
  13  1:52  Queen  
  15  1:56  Drone  
  15  2:00  Drone  
  17  2:07  Extractor  
  16  2:13  Drone x2  
  18  2:24  Zergling x2  
  19  2:35  Drone  
  20  2:38  Queen  
  20  2:43  Drone x2  
  24  2:55  Drone x2  
  24  2:58  Drone  
  27  3:02  Drone  
  28  3:05  Zergling x2  
  28  3:08  Drone x3  
  28  3:12  Extractor  
  31  3:16  Metabolic Boost  
  31  3:24  Zergling x4  
  31  3:26  Zergling x2  
  34  3:29  Drone  
  35  3:34  Queen  
  35  3:38  Drone  
  35  3:40  Drone  
  39  3:43  Extractor  
  39  3:46  Drone, Extractor  
  38  3:57  Spore Crawler  
  38  3:58  Drone x2  
  38  4:02  Overlord  
  39  4:06  Drone  
  40  4:18  Drone x2  
  40  4:20  Drone  
  40  4:21  Drone x4  
  40  4:23  Drone  
  48  4:26  Overlord  
  48  4:46  Lair  
  48  4:51  Queen  
  50  4:53  Drone x6  
  53  5:19  Zergling x10  
  57  5:47  Spore Crawler  
  40  6:14  Spore Crawler  
  40  6:16  Spore Crawler  
  40  6:18  Spore Crawler  
  37  6:19  Drone x3  
  37  6:20  Drone x8  
  37  6:21  Drone x8  
  37  6:22  Drone  
  57  6:31  Drone  
  58  6:39  Overlord x2  
  58  6:51  Overlord x4  
  58  6:55  Extractor  
  58  6:57  Drone x3, Extractor  
  59  7:01  Spore Crawler  
  59  7:03  Hatchery  
  59  7:08  Hatchery  
  56  7:14  Overlord  
  56  7:15  Overlord x2  
  56  7:16  Overlord x2  
  56  7:19  Drone  
  57  7:29  Spire  
  56  7:35  Infestation Pit  
  56  7:36  Queen  
  57  7:37  Drone x2  
  57  7:38  Drone  
  60  7:50  Zergling x12  
  60  7:51  Zergling x2  
  67  7:59  Spore Crawler  
  65  8:06  Drone x4  
  69  8:15  Drone x2  
  71  8:20  Drone  
  71  8:25  Queen  
  74  8:27  Hive  
  74  8:40  Zergling x4  
  74  8:41  Zergling x16  
  80  8:42  Zergling x4  
  69  9:08  Mutalisk x9  
  73  9:29  Drone x3  
  72  9:41  Zergling x4  
  72  9:42  Zergling x2  
  75  9:47  Spawning Pool  
  75  9:52  Spire  
  70  9:55  Hydralisk Den  
  70  9:59  Spawning Pool  
  68  10:00  Evolution Chamber  
  68  10:01  Drone x7  
  68  10:02  Drone  
  69  10:45  Queen  
  51  11:15  Lair  
  51  11:17  Drone x3  
  54  11:24  Drone x3  
  54  11:25  Drone x3  
  60  11:26  Zerg Flyer Weapons Level 1  
  60  11:28  Grooved Spines  
  60  11:31  Drone  
  60  11:32  Drone x2  
  63  11:33  Queen  
  65  11:49  Hatchery  
  64  11:54  Spore Crawler  
  64  11:55  Spore Crawler  
  64  11:56  Hatchery  
  64  11:58  Spore Crawler  
  64  11:59  Drone x3  
  64  12:00  Drone x2  
  65  12:13  Hatchery  
  64  12:15  Hydralisk x2  
  64  12:16  Hydralisk x8  
  64  12:17  Hydralisk x3  
  64  12:20  Hydralisk  
  92  12:39  Muscular Augments  
  66  13:13  Hydralisk  
  66  13:16  Overlord x2  
  66  13:17  Overlord x4  
  66  13:37  Hydralisk x7  
  80  13:55  Hatchery  
  78  14:09  Hydralisk Den  
  75  14:12  Hydralisk Den  
  75  14:16  Spire  
  71  14:17  Queen  
  71  14:18  Drone x3  
  71  14:21  Drone x3  
  79  14:26  Zergling x6  
  79  14:29  Queen  
  79  14:30  Drone  
  79  14:31  Drone x2  
  87  14:36  Zerg Flyer Armor Level 1  
  87  14:39  Drone  
  87  14:43  Extractor  
  87  14:45  Extractor  
  86  14:58  Zerg Missile Weapons Level 1  
  86  15:14  Spore Crawler  
  86  15:18  Hydralisk x2  
  86  15:19  Hydralisk x2  
  86  15:21  Mutalisk x2  
  79  15:39  Lair  
  79  15:41  Hydralisk x2  
  71  16:00  Hydralisk x5  
  71  16:16  Hydralisk x4  
  75  16:25  Queen  
  77  16:34  Drone x3  
  76  16:42  Hydralisk  
  76  16:43  Hydralisk x4  
  84  16:47  Hatchery  
  84  16:53  Hydralisk x3  
  85  16:54  Overlord x5  
  85  16:55  Overlord  
  85  17:02  Extractor  
  84  17:09  Hydralisk x2  
  84  17:34  Mutalisk x2  
  84  17:35  Mutalisk  
  69  18:00  Drone x3  
  38  18:28  Hydralisk x2  
  40  18:45  Extractor  
  39  18:49  Drone x2  
  41  19:19  Hydralisk, Hatchery  
  41  19:21  Hydralisk  
  44  19:56  Hatchery  
  43  20:17  Drone x7  
  43  20:18  Hatchery  
  49  20:32  Drone  
  49  20:33  Drone x5  
  54  21:12  Hydralisk x2  
  58  21:34  Overlord  
  58  21:39  Overlord  
  58  21:50  Spawning Pool, Drone  
  58  22:06  Hatchery  
  58  22:07  Overlord  
  57  22:23  Overlord x3  
  57  22:36  Overlord  
  57  22:38  Overlord  
  57  22:43  Drone  
  58  22:54  Spine Crawler  
Show
View Real Time Build Order
Export as new Build Order

MooEsqoo Zerg 

Build Orders: Pool First 

Get SALT Encoding   

  12  0:03  Drone  
  13  0:13  Overlord  
  13  0:18  Drone  
  14  0:33  Drone  
  14  0:35  Overlord  
  15  0:48  Spawning Pool  
  14  0:51  Drone  
  15  0:57  Drone x2  
  17  1:14  Drone  
  18  1:27  Hatchery  
  17  1:37  Drone  
  17  1:38  Zergling x2  
  19  1:42  Queen  
  21  1:48  Extractor  
  21  1:50  Drone  
  21  2:05  Drone x2  
  23  2:41  Drone  
  23  2:42  Drone  
  25  2:44  Queen  
  25  2:47  Drone  
  25  2:48  Drone  
  29  3:00  Drone  
  29  3:01  Drone x3  
  29  3:03  Metabolic Boost  
  33  3:10  Drone x2  
  33  3:12  Hatchery  
  34  3:20  Baneling Nest  
  34  3:21  Zergling x4  
  35  3:42  Drone  
  35  3:45  Overlord x5  
  36  4:00  Lair  
  36  4:02  Queen  
  36  4:05  Extractor  
  36  4:07  Extractor  
  36  4:10  Roach Warren  
  36  4:14  Extractor  
  34  4:18  Spore Crawler, Evolution Chamber x2  
  31  4:30  Spore Crawler  
  30  4:38  Drone x3  
  31  4:39  Drone x3  
  31  4:42  Drone  
  37  4:49  Zerg Missile Weapons Level 1  
  33  5:07  Zergling x6  
  33  5:08  Zergling x10  
  23  5:34  Drone  
  23  5:35  Drone x6  
  30  6:03  Drone x4  
  30  6:04  Drone  
  35  6:05  Spore Crawler  
  34  6:15  Baneling x3  
  34  6:16  Baneling x4  
  34  6:24  Queen  
  36  6:47  Drone x2  
  36  6:48  Drone x6  
  44  7:00  Hydralisk Den  
  43  7:08  Drone x4  
  47  7:16  Drone x2  
  47  7:18  Drone  
  47  7:20  Drone  
  51  7:24  Drone  
  51  7:26  Drone  
  51  7:29  Drone  
  54  7:30  Drone  
  55  7:42  Zerg Missile Weapons Level 2  
  55  7:45  Zerg Ground Armor Level 1  
  55  8:11  Hydralisk x5  
  65  8:15  Drone x5  
  65  8:17  Extractor  
  65  8:18  Extractor  
  68  8:24  Muscular Augments  
  68  8:35  Drone x6  
  68  8:36  Drone x3  
  67  9:16  Hydralisk  
  63  9:17  Hydralisk x7  
  63  9:18  Hydralisk  
  81  9:33  Overlord x4  
  81  9:34  Overlord  
  81  9:37  Overlord  
  81  9:39  Zergling x2  
  77  10:14  Hydralisk x7  
  75  10:15  Hydralisk x7  
  75  10:16  Hydralisk  
  105  11:12  Drone x3  
  105  11:13  Drone x7  
  105  11:14  Drone x3  
  118  11:41  Zerg Ground Armor Level 2  
  118  11:48  Grooved Spines  
  118  11:49  Infestation Pit  
  118  11:50  Hatchery  
  118  11:51  Overseer  
  116  12:13  Queen  
  118  12:22  Hydralisk x2  
  118  12:23  Hydralisk x4  
  118  12:24  Overlord x5  
  118  12:25  Overlord x2  
  124  12:53  Hydralisk x7  
  124  12:54  Hydralisk x5  
  136  13:12  Hydralisk x2  
  114  13:13  Hydralisk x3  
  122  13:26  Hydralisk x5  
  122  13:27  Hydralisk x2  
  118  13:43  Hydralisk x4  
  126  14:03  Hydralisk x5  
  126  14:04  Hydralisk x3  
  142  14:10  Spore Crawler  
  142  14:12  Spore Crawler  
  140  14:22  Hydralisk x5  
  140  14:23  Hydralisk x4  
  158  14:24  Overlord x3  
  158  14:50  Extractor  
  158  14:51  Extractor  
  156  14:55  Hydralisk x4  
  156  14:56  Hydralisk x5  
  156  14:57  Hydralisk x2  
  156  14:58  Queen  
  180  15:25  Hydralisk  
  180  15:26  Hydralisk x3  
  180  15:27  Hydralisk x2  
  192  15:29  Overlord x4  
  192  15:48  Hive  
  106  16:22  Hydralisk x7  
  106  16:23  Hydralisk x7  
  106  16:24  Hydralisk  
  106  16:25  Zergling x4  
  138  16:26  Zergling x16  
  138  16:27  Zergling x2  
  91  17:10  Hydralisk x6  
  91  17:11  Hydralisk x6  
  95  17:33  Hatchery  
  95  17:34  Hydralisk  
  95  17:35  Hydralisk x5  
  106  17:56  Hydralisk  
  106  17:57  Hydralisk x5  
  97  18:18  Hydralisk  
  97  18:19  Hydralisk x5  
  69  18:41  Hydralisk x4  
  59  18:42  Hydralisk x2  
  62  18:56  Hydralisk x3  
  54  19:32  Hydralisk x4  
  54  19:33  Hydralisk x6  
  74  19:43  Drone x3  
  77  19:46  Drone x2  
  77  19:47  Drone x2  
  81  20:09  Spore Crawler  
  81  20:10  Spore Crawler  
  79  20:14  Hydralisk x4  
  79  20:15  Hydralisk x2  
  79  20:19  Queen  
  93  20:33  Hydralisk  
  93  20:34  Hydralisk  
  97  20:36  Hydralisk  
  98  21:17  Hydralisk x2  
  98  21:18  Hydralisk x4  
  110  21:38  Hydralisk  
  110  21:39  Hydralisk x2  
Show
View Real Time Build Order
Export as new Build Order

SirLanZealot Zerg - Winner!

Build Orders: 1 Base Baneling Bust, Pool First 

Get SALT Encoding   

  12  0:01  Drone  
  13  0:09  Drone  
  14  0:28  Overlord  
  14  0:31  Extractor  
  14  0:33  Extractor  
  14  0:34  Drone x2  
  15  0:58  Spawning Pool  
  15  1:00  Drone x2  
  17  1:04  Drone  
  17  1:23  Drone  
  17  1:24  Drone  
  19  1:34  Drone  
  20  1:50  Extractor, Queen  
  20  1:51  Drone  
  22  2:20  Baneling Nest  
  21  2:23  Spine Crawler  
  20  2:36  Lair  
  20  2:41  Hatchery  
  19  2:49  Overlord  
  19  2:52  Zergling x4  
  21  3:01  Overlord  
  21  3:32  Zergling x2  
  21  3:33  Zergling x10  
  27  3:38  Evolution Chamber  
  26  3:51  Drone  
  26  3:54  Baneling x7  
  27  4:01  Metabolic Boost  
  27  4:06  Zerg Melee Weapons Level 1  
  27  4:20  Drone x3  
  27  4:21  Drone  
  31  4:30  Drone x2  
  31  4:31  Drone, Queen  
  28  5:31  Overlord  
  28  5:35  Zergling x12  
  34  5:52  Hatchery  
  34  5:56  Baneling x5  
  33  5:57  Baneling  
  33  6:05  Extractor x2  
  33  6:06  Drone x5  
  33  6:09  Zergling x2  
  33  6:10  Zergling x8  
  41  6:13  Zerg Melee Weapons Level 2  
  41  6:26  Spire  
  41  6:28  Drone  
  41  6:35  Drone x2  
  41  6:36  Drone  
  41  6:38  Drone  
  45  6:48  Spore Crawler  
  45  6:52  Drone x3  
  47  6:54  Drone  
  49  7:15  Drone x2  
  49  7:16  Drone  
  51  7:29  Zergling x10  
  57  7:30  Zergling x4  
  57  7:32  Overlord  
  58  7:41  Overlord x3  
  58  7:49  Queen  
  60  8:01  Baneling x3  
  60  8:09  Spore Crawler  
  59  8:27  Zerg Flyer Weapons Level 1  
  59  8:29  Zerg Ground Armor Level 1  
  59  8:47  Overlord  
  59  8:48  Overlord  
  55  9:05  Mutalisk x7  
  55  9:06  Mutalisk x2  
  55  9:07  Mutalisk x2  
  55  9:08  Mutalisk  
  66  9:20  Mutalisk  
  66  9:21  Mutalisk x2  
  72  9:39  Drone x2  
  72  9:40  Drone x4  
  72  9:41  Drone x2  
  72  9:44  Drone  
  81  9:46  Drone  
  81  9:48  Drone  
  82  10:08  Infestation Pit  
  81  10:16  Extractor  
  81  10:19  Extractor  
  79  10:23  Spore Crawler  
  79  10:28  Drone x7  
  83  10:29  Drone x6  
  71  11:12  Zerg Ground Armor Level 2  
  71  11:15  Zergling x12  
  71  11:16  Zergling x14  
  71  11:17  Zergling x2  
  85  11:30  Hatchery  
  84  11:39  Mutalisk x2  
  84  11:40  Mutalisk x4  
  96  11:49  Baneling x6  
  96  11:50  Baneling x4  
  96  12:01  Overlord x2  
  96  12:10  Zerg Flyer Weapons Level 2  
  96  12:39  Mutalisk x2  
  96  12:40  Mutalisk x6  
  96  12:41  Mutalisk  
  96  12:42  Mutalisk x2  
  96  12:43  Mutalisk  
  96  12:44  Overlord x4  
  116  12:51  Hatchery  
  83  13:17  Zergling x8  
  83  13:18  Zergling x12  
  83  13:19  Zergling x14  
  101  13:20  Zergling x4  
  102  13:27  Queen  
  102  13:29  Overlord  
  98  14:13  Queen  
  100  14:19  Drone x3  
  103  14:27  Zerg Flyer Armor Level 1  
  103  14:31  Hive  
  103  14:39  Queen  
  105  14:47  Baneling x6  
  105  14:48  Baneling x7  
  105  14:49  Baneling x4  
  105  14:54  Mutalisk x4  
  105  14:55  Mutalisk x5  
  105  14:56  Mutalisk  
  105  14:57  Mutalisk x2  
  105  14:59  Zergling x10  
  135  15:00  Zergling x10  
  135  15:01  Zergling x2  
  140  15:41  Overlord x5  
  140  15:43  Mutalisk x4  
  140  15:44  Mutalisk x6  
  140  15:47  Zergling x10  
  140  15:48  Zergling x2  
  126  16:21  Zergling x12  
  126  16:22  Zergling x12  
  126  16:23  Zergling x6  
  141  16:26  Zerg Flyer Weapons Level 3  
  141  16:28  Adrenal Glands  
  141  16:46  Extractor  
  140  16:49  Extractor  
  139  16:55  Baneling x7  
  139  16:56  Baneling x4  
  139  16:57  Baneling x4  
  139  17:08  Centrifical Hooks  
  139  17:22  Drone x6  
  132  18:19  Mutalisk x2  
  132  18:20  Mutalisk x6  
  132  18:21  Mutalisk x3  
  132  18:22  Zergling x12  
  132  18:23  Zergling x2  
  128  18:35  Zergling x4  
  128  18:36  Zergling x14  
  128  18:37  Zergling x10  
  133  18:57  Mutalisk x5  
  139  19:03  Zerg Flyer Armor Level 2  
  127  19:41  Baneling  
  127  19:42  Baneling x5  
  127  19:43  Baneling x6  
  127  19:44  Baneling x4  
  127  19:45  Mutalisk  
  127  19:46  Mutalisk x3  
  127  19:48  Overlord x4, Zergling x4  
  127  19:51  Zergling x10  
  142  19:59  Drone  
  143  20:11  Extractor  
  142  20:14  Extractor  
  141  20:24  Mutalisk x2  
  141  20:25  Mutalisk x4  
  141  20:27  Zergling x8  
  141  20:28  Zergling x8  
  161  20:58  Baneling x5  
  161  21:17  Zergling x10  
  161  21:18  Zergling x14  
  170  21:19  Zergling x14  
  170  21:20  Zergling x14  
  170  21:21  Zergling x4  
  188  21:53  Spore Crawler  
Show
View Real Time Build Order
Export as new Build Order

MakroMarc Protoss - Winner!

Build Orders:  

Get SALT Encoding   

  12  0:01  Probe  
  13  0:15  Pylon  
  13  0:22  Probe  
  14  0:33  Gateway  
  14  0:38  Probe  
  15  0:46  Assimilator  
  15  0:50  Probe  
  16  1:03  Probe  
  17  1:15  Probe  
  18  1:25  Cybernetics Core  
  18  1:26  Zealot (Chrono Boost)  
  18  1:31  Probe  
  21  1:45  Probe  
  21  1:46  Forge  
  22  1:55  Warp Gate (Chrono Boost)  
  22  1:57  Pylon  
  22  2:06  Probe  
  23  2:15  Shield Battery  
  23  2:25  Photon Cannon  
  23  2:31  Protoss Ground Weapons Level 1  
  23  2:56  Sentry  
  25  3:01  Nexus  
  25  3:07  Assimilator  
  25  3:09  Probe  
  26  3:35  Probe  
  26  3:38  Stargate  
  27  3:41  Pylon  
  27  3:46  Pylon  
  27  3:47  Stalker  
  29  4:09  Probe  
  30  4:13  Probe  
  31  4:23  Gateway  
  31  4:24  Gateway  
  31  4:25  Oracle  
  31  4:31  Stalker  
  36  4:40  Probe, Pylon  
  36  4:41  Probe  
  38  4:58  Stalker  
  40  5:00  Protoss Ground Armor Level 1  
  40  5:06  Probe (Chrono Boost)  
  42  5:07  Probe (Chrono Boost)  
  42  5:17  Probe x2 (Chrono Boost)  
  44  5:21  Probe x2 (Chrono Boost)  
  46  5:32  Probe  
  46  5:33  Probe  
  48  6:07  Oracle  
  48  6:11  Zealot x3  
  53  6:17  Probe x2 (Chrono Boost)  
  59  6:24  Assimilator  
  60  6:27  Probe x2 (Chrono Boost)  
  60  6:28  Assimilator  
  60  6:31  Pylon  
  60  6:32  Probe x2 (Chrono Boost)  
  61  6:33  Pylon  
  61  6:37  Zealot  
  61  6:38  Zealot x2  
  69  6:55  Nexus  
  69  7:11  Oracle  
  72  7:21  Fleet Beacon, Gateway  
  72  7:23  Gateway  
  72  7:25  Probe x2, Gateway  
  72  7:27  Stargate  
  72  7:29  Stalker x3  
  80  7:37  Probe x2  
  82  7:49  Probe x2  
  78  8:07  Stalker  
  78  8:08  Stalker  
  78  8:09  Stalker  
  84  8:37  Probe x3  
  87  8:42  Zealot x5  
  87  8:43  Zealot  
  99  8:49  Probe x2  
  101  8:56  Probe  
  101  8:57  Pylon  
  101  9:01  Probe x2, Pylon  
  101  9:03  Pylon  
  101  9:05  Pylon  
  101  9:08  Probe  
  96  9:10  Assimilator  
  96  9:12  Assimilator  
  91  9:45  Stalker  
  91  9:46  Stalker x5  
  91  9:50  Phoenix x2  
  107  9:57  Stargate  
  107  9:58  Stargate  
  107  10:01  Gateway  
  107  10:02  Probe x3  
  107  10:03  Gateway  
  107  10:06  Gateway  
  102  10:07  Protoss Shields Level 1 (Chrono Boost)  
  102  10:11  Gateway  
  86  10:14  Probe x2  
  86  10:15  Probe, Phoenix x2, Twilight Council  
  86  10:17  Forge  
  81  10:31  Stalker x4  
  81  10:32  Stalker  
  91  10:40  Photon Cannon  
  91  10:45  Photon Cannon  
  91  10:47  Photon Cannon  
  91  10:48  Shield Battery, Stalker  
  93  10:50  Photon Cannon x2  
  93  10:52  Phoenix  
  95  11:01  Probe x2  
  95  11:02  Probe  
  98  11:08  Shield Battery  
  98  11:11  Stalker x2  
  98  11:12  Stalker  
  98  11:13  Stalker  
  106  11:22  Protoss Ground Weapons Level 2 (Chrono Boost)  
  106  11:23  Charge  
  106  11:33  Pylon x2  
  106  11:45  Phoenix x3  
  112  11:48  Zealot  
  112  11:49  Zealot x2  
  118  12:01  Stalker x4  
  126  12:12  Protoss Ground Armor Level 2 (Chrono Boost)  
  126  12:23  Tempest x2  
  136  12:34  Pylon  
  136  12:36  Pylon  
  136  12:37  Pylon  
  86  13:43  Tempest (Chrono Boost)  
  86  13:44  Tempest (Chrono Boost)  
  106  13:50  Tempest x2 (Chrono Boost), Stalker x5  
  106  13:51  Stalker x3  
  106  13:52  Stalker x2  
  126  14:15  Protoss Ground Weapons Level 3  
  124  14:29  Tempest  
  124  14:30  Tempest x2  
  139  14:31  Protoss Air Weapons Level 1  
  139  14:35  Zealot x2  
  139  14:36  Zealot x3  
  139  14:37  Zealot x4  
  139  14:38  Zealot  
  159  14:49  Nexus  
  159  14:52  Assimilator  
  159  14:57  Tempest  
  164  15:12  Tempest  
  169  15:16  Tempest  
  172  16:16  Tempest x3  
  187  16:28  Probe  
  187  16:29  Assimilator  
  188  16:36  Pylon  
  188  16:38  Pylon  
  188  16:39  Pylon  
  188  16:40  Pylon  
  188  16:42  Pylon  
  188  16:43  Pylon  
  188  16:47  Probe x4  
  188  16:49  Zealot x3  
  188  16:54  Tempest  
  191  16:59  Probe x2, Tempest x3  
  191  17:00  Probe  
  171  17:10  Zealot x2  
  171  17:11  Zealot x6  
  131  17:36  Tempest  
  136  17:38  Zealot x3  
  136  17:39  Zealot x6  
  154  18:04  Zealot  
  154  18:05  Zealot x6  
  162  18:06  Zealot x2  
  138  18:35  Zealot x4  
  138  18:36  Zealot x5  
  138  18:38  Zealot  
  158  18:53  Dark Shrine  
  158  18:57  Pylon  
  158  19:12  Void Ray x3  
  170  19:20  Void Ray  
  174  20:06  Dark Templar  
  174  20:07  Dark Templar x6  
  178  20:08  Dark Templar x3  
  194  20:44  Dark Templar x3  
  180  21:56  Void Ray x4  
  194  22:23  Dark Templar x2  
  194  22:24  Dark Templar  
Tags
 
Add a new tag
Caveats
  • Supply blocks, unpowered buildings, or Contaminate may cause inaccurate times.
  • Supply counts are checked every 10 seconds.